 Dungeon Sprint DCSS version 0.29-a0-378-gc08b2e8bf8 (webtiles) character file.

Game seed: 16556019294421757416

13500000 thiscave3701365 the Axe Maniac (level 27, -144/228 HPs)
             Began as a Djinni Warper on May 4, 2022.
             Was the Champion of Makhleb.
             Annihilated by a fleshlord
             ... wielding a +9 great mace
              (370 damage)
             ... in the Dungeon (Sprint VIII: "Arena of Blood").
             The game lasted 00:03:22 (135 turns).

thiscave3701365 the Axe Maniac (Djinni Warper)       Turns: 135, Time: 00:03:22

Health: -144/228   AC:  6    Str: 20    XL:     27
Gold:   0          EV: 28    Int: 16    God:    Makhleb [******] SH:  0 Dex: 16

rFire   + + .      SeeInvis +   i - +∞ Axe of Woe
rCold   x . .      Faith    .   (shield currently unavailable)
rNeg    . . .      Spirit   .   b - +0 leather armour
rPois   ∞          Reflect  .   (no helmet)
rElec   .          Harm     .   (no cloak)
rCorr   .          Rampage  .   (no gloves)
Will    ++...      NoTele   +   (boots unavailable)
Stlth   +++++++++.              (no amulet)
HPRegen 0.48/turn               k - ring of see invisible
MPRegen 0.00/turn               j - +30 ring of slaying

@: flying, slowed, very slow
A: sickness immunity, fire resistance 2, cold vulnerability 1, float, innate
caster, HP casting, extra vitality 1
a: Renounce Religion, Minor Destruction, Lesser Servant of Makhleb, Major
Destruction, Greater Servant of Makhleb


You were in the Dungeon.
You worshipped Makhleb.
Makhleb was exalted by your worship.
You visited 1 branch

Inventory:

Hand Weapons
 a - a +0 hand axe
 i - the +∞ Axe of Woe (weapon)
   (You found it in the Dungeon)
Missiles
 d - 7 boomerangs of dispersal
Armour
 b - a +0 leather armour (worn)
Jewellery
 j - a +30 ring of slaying (right hand)
 k - a ring of see invisible (left hand)
 l - a +30 ring of slaying
Scrolls
 c - 2 scrolls of blinking
Potions
 e - a potion of curing
 f - a potion of heal wounds
 g - a potion of haste
 h - a potion of berserk rage


   Skills:
 O Level 27 Fighting
 O Level 27 Short Blades
 O Level 27 Long Blades
 O Level 27 Axes
 O Level 27 Maces & Flails
 O Level 27 Polearms
 O Level 27 Staves
 O Level 27 Slings
 O Level 27 Bows
 O Level 27 Crossbows
 O Level 27 Throwing
 O Level 27 Armour
 O Level 27 Dodging
 O Level 27 Stealth
 O Level 27 Shields
 O Level 27 Unarmed Combat
 O Level 27 Spellcasting
 O Level 27 Invocations
 O Level 27 Evocations


You couldn't memorise any spells.
You knew the following spells:

 Your Spells              Type           Power      Damage    Failure   Level
a - Blink                 Tloc           100%       N/A       0%          2
b - Lesser Beckoning      Tloc           82%        N/A       0%          3
c - Gell's Gravitas       Tloc           82%        N/A       0%          3
d - Teleport Other        Tloc           82%        N/A       0%          3
e - Manifold Assault      Tloc           82%        N/A       0%          5
f - Magic Dart            Conj           100%       1d8       0%          1
g - Scorch                Fire           100%       2d10      0%          2
h - Corpse Rot            Necr/Air       100%       N/A       0%          2
i - Dazzling Flash        Conj/Hex       100%       N/A       0%          3
j - Agony                 Necr           82%        N/A       0%          5
k - Freezing Cloud        Conj/Ice/Air   41%        6-21      0%          5
l - Statue Form           Tmut/Erth      54%        N/A       0%          6
m - Spellforged Servitor  Conj/Summ      41%        N/A       1%          7
n - Eringya's Noxious Bo  Tmut/Pois      41%        N/A       0%          6
o - Monstrous Menagerie   Summ           41%        N/A       1%          7
p - Necromutation         Tmut/Necr      41%        N/A       1%          8
q - Summon Horrible Thin  Summ           41%        N/A       1%          8
r - Fire Storm            Conj/Fire      41%        8d10      2%          9
Your spell library was empty.

Dungeon Overview and Level Annotations

Branches:
Dungeon (1/1)

Altars:
Makhleb


Innate Abilities, Weirdness & Mutations

You are immune to sickness and miasma.
You are immune to poison.
Your flesh is very heat resistant. (rF++)
You are vulnerable to cold. (rC-)
You float through the air rather than walking.
You learn spells naturally, not from books.
Your magical power is your life essence.
You have superior vitality. (+4 MHP)


Message History

You pulverise the bag of meat into a thin bloody mist.
You kill the bag of meat!
Makhleb accepts your kill.
You feel better.
You chop the fleshlord into pieces!!!
You hew the fleshlord savagely.
You kill the fleshlord!
Makhleb accepts your kill.
You feel better.
You slice the bag of meat like a ripe choko!!!!
You slaughter the bag of meat joyfully.
You kill the bag of meat!
Makhleb accepts your kill.
You feel better.
You slice the bag of meat!!
You butcher the bag of meat messily.
You kill the bag of meat!
Makhleb accepts your kill.
You feel better.
The fleshlord appears out of thin air!
A fleshlord comes into view. It is wielding a +9 great mace.
The meat beast squeals, "Embrace thy doom, thou tasty snacklet!"
You hear a shout! x3
The wretched soul breathes negative energy at you.
The bolt of negative energy misses you.
You hear a shout! x3; You hear an angry hiss.
You hear a shout!
Space momentarily warps into an impossible shape!
The fleshlord shouts!
You slash the fleshlord!
You butcher the fleshlord messily.
You kill the fleshlord!
Makhleb accepts your kill.
You chop the bag of meat into pieces!!!
You butcher the bag of meat messily.
You kill the bag of meat!
Makhleb accepts your kill.
You feel better.
You carve the scourge like a ham!!!
You hew the scourge savagely.
You kill the scourge!
Makhleb accepts your kill.
You feel better. The meat beast barely misses you. The meat beast tramples you.
You hold your ground!
The fleshlord hits you with a +9 great mace!!!!!!
Ouch! That really hurt!
You die...

.###.. ...###..)
))○)....###.)......
#.○○O...._.))..))..
).O...#..).)# .))).
.).W..#p)<._#.)....
)..))W#))...#)).)..
#..)...)._))).)....
).)...)2###)).).)..
...###)@)o)).###.))
.....#).p).).#.).
)...)#..G..p.#...
..)........))....
...).......).))..#
..))....).......#.
..))).)).).)))##..
.)))#)....)).#)...
..).†)....)).#.).


You could see a meat beast (fast), an observer (fast, invisible), 3 fleshlords,
2 large bags of meat, a dread, a wretched soul (invisible) and a bag of meat.

Vanquished Creatures
  16 hell knights (D)
  5 hell beasts (D)
  6 royal mummies (D)
  4 great orbs of eyes (D)
  6 wraiths (D)
  Harold (D)
  18 vampire knights (D)
  39 ogres (D)
  7 two-headed ogres (D)
  10 liches (D)
  3 hydras (D)
  4 phantoms (D)
  67 orcs (D)
  7 skeletal warriors (D)
  4 sea snakes (D)
197 creatures vanquished.

Notes
Turn   | Place    | Note
-------+----------+-------------------------------------------
     0 | D        | Found the +∞ Axe of Woe
     0 | D        | thiscave3701365 the Djinni Warper began the quest for the
                  | Orb.
     0 | D        | Reached XP level 1. HP: 18/18 MP: 0/0
     1 | D        | Noticed a bag of meat
     1 | D        | Noticed a bag of meat
     3 | D        | Became a worshipper of Makhleb the Destroyer
     3 | D        | Noticed a bag of meat
     3 | D        | Noticed a bag of meat
     3 | D        | Noticed a bag of meat
     5 | D        | Noticed a bag of meat
     6 | D        | Noticed a bag of meat
     6 | D        | Noticed a bag of meat
     6 | D        | Noticed a meat berserker
     7 | D        | Killed a bag of meat
     7 | D        | Noticed a meat berserker
     7 | D        | Noticed a meat berserker
     7 | D        | Noticed a meat berserker
     7 | D        | Noticed a bag of meat
     7 | D        | Noticed a bag of meat
     8 | D        | Reached XP level 2. HP: 23/23 MP: 0/0
     8 | D        | Reached XP level 3. HP: 28/28 MP: 0/0
     8 | D        | Learned a level 1 spell: Magic Dart
     8 | D        | Reached XP level 4. HP: 33/33 MP: 0/0
     8 | D        | Reached XP level 5. HP: 38/38 MP: 0/0
     8 | D        | Learned a level 2 spell: Scorch
     8 | D        | Reached XP level 6. HP: 43/43 MP: 0/0
     8 | D        | Reached XP level 7. HP: 49/49 MP: 0/0
     8 | D        | Learned a level 2 spell: Corpse Rot
     8 | D        | Reached XP level 8. HP: 54/54 MP: 0/0
     8 | D        | Reached XP level 9. HP: 58/58 MP: 0/0
     8 | D        | Learned a level 3 spell: Dazzling Flash
     8 | D        | Reached XP level 10. HP: 64/64 MP: 0/0
     8 | D        | Reached XP level 11. HP: 68/68 MP: 0/0
     8 | D        | Learned a level 5 spell: Agony
     8 | D        | Killed a meat berserker
     8 | D        | Reached * piety under Makhleb
     8 | D        | Killed a bag of meat
     8 | D        | Noticed a bag of meat
     9 | D        | Reached skill level 27 in Axes
     9 | D        | Reached skill level 1 in Throwing
     9 | D        | Reached XP level 12. HP: 78/78 MP: 0/0
     9 | D        | Reached XP level 13. HP: 83/83 MP: 0/0
     9 | D        | Learned a level 5 spell: Freezing Cloud
     9 | D        | Killed a bag of meat
     9 | D        | Noticed a bag of meat
     9 | D        | Noticed a bag of meat
    10 | D        | Reached skill level 5 in Fighting
    10 | D        | Reached skill level 10 in Spellcasting
    10 | D        | Reached XP level 14. HP: 93/93 MP: 0/0
    10 | D        | Killed a bag of meat
    10 | D        | Reached ** piety under Makhleb
    10 | D        | Killed a bag of meat
    10 | D        | Killed a bag of meat
    10 | D        | Noticed a meat berserker
    10 | D        | Noticed a bag of meat
    11 | D        | Reached skill level 10 in Fighting
    11 | D        | Reached skill level 15 in Spellcasting
    11 | D        | Reached XP level 15. HP: 107/107 MP: 0/0
    11 | D        | Learned a level 6 spell: Statue Form
    11 | D        | Killed a meat berserker
    11 | D        | Reached *** piety under Makhleb
    12 | D        | Reached skill level 5 in Armour
    12 | D        | Killed a meat berserker
    12 | D        | Reached **** piety under Makhleb
    13 | D        | Reached skill level 5 in Throwing
    13 | D        | Reached XP level 16. HP: 124/124 MP: 0/0
    13 | D        | Killed a meat berserker
    13 | D        | Killed a meat berserker
    14 | D        | Reached skill level 15 in Dodging
    14 | D        | Reached XP level 17. HP: 137/137 MP: 0/0
    14 | D        | Learned a level 7 spell: Spellforged Servitor
    14 | D        | Reached ***** piety under Makhleb
    15 | D        | Reached skill level 27 in Spellcasting
    15 | D        | Reached XP level 18. HP: 154/154 MP: 0/0
    15 | D        | Noticed a large bag of meat
    15 | D        | Reached ****** piety under Makhleb
    16 | D        | Killed a large bag of meat
    17 | D        | Reached skill level 27 in Fighting
    17 | D        | Reached XP level 19. HP: 174/174 MP: 0/0
    17 | D        | Learned a level 6 spell: Eringya's Noxious Bog
    17 | D        | Noticed a meat berserker
    17 | D        | Noticed a meat berserker
    18 | D        | Killed a meat berserker
    18 | D        | Killed a meat berserker
    18 | D        | Noticed a meat berserker
    19 | D        | Reached skill level 27 in Dodging
    19 | D        | Reached XP level 20. HP: 181/181 MP: 0/0
    19 | D        | Killed a meat berserker
    20 | D        | Noticed a destroyer
    20 | D        | Noticed a meat berserker
    21 | D        | Killed a destroyer
    21 | D        | Killed a meat berserker
    22 | D        | Reached skill level 27 in Armour
    22 | D        | Reached XP level 21. HP: 187/187 MP: 0/0
    22 | D        | Learned a level 7 spell: Monstrous Menagerie
    25 | D        | Reached skill level 27 in Throwing
    25 | D        | Noticed a meat berserker
    26 | D        | Killed a meat berserker
    26 | D        | Noticed a destroyer
    26 | D        | Noticed a large bag of meat
    27 | D        | Reached skill level 5 in Short Blades
    27 | D        | Reached skill level 5 in Long Blades
    27 | D        | Reached skill level 5 in Staves
    27 | D        | Reached skill level 5 in Stealth
    27 | D        | Reached skill level 5 in Shields
    27 | D        | Reached skill level 5 in Unarmed Combat
    27 | D        | Reached skill level 5 in Invocations
    27 | D        | Reached skill level 5 in Evocations
    27 | D        | Killed a large bag of meat
    27 | D        | Killed a destroyer
    28 | D        | Reached XP level 22. HP: 194/194 MP: 0/0
    28 | D        | Noticed an eight-headed meat hydra
    29 | D        | Killed a nine-headed meat hydra
    29 | D        | Noticed a large bag of meat
    30 | D        | Killed a large bag of meat
    30 | D        | Noticed a large bag of meat
    30 | D        | Noticed a large bag of meat
    31 | D        | Reached skill level 10 in Short Blades
    31 | D        | Reached skill level 10 in Long Blades
    31 | D        | Reached skill level 10 in Staves
    31 | D        | Reached skill level 10 in Stealth
    31 | D        | Reached skill level 10 in Shields
    31 | D        | Reached skill level 10 in Unarmed Combat
    31 | D        | Reached skill level 10 in Invocations
    31 | D        | Reached skill level 10 in Evocations
    31 | D        | Killed a large bag of meat
    31 | D        | Killed a large bag of meat
    31 | D        | Noticed a destroyer
    32 | D        | Reached XP level 23. HP: 201/201 MP: 0/0
    32 | D        | Learned a level 8 spell: Necromutation
    32 | D        | Killed a destroyer
    32 | D        | Noticed a destroyer
    33 | D        | Killed a destroyer
    34 | D        | Noticed a destroyer
    35 | D        | Killed a destroyer
    36 | D        | Reached XP level 24. HP: 208/208 MP: 0/0
    36 | D        | Noticed a destroyer
    36 | D        | Killed a destroyer
    36 | D        | Noticed a destroyer
    37 | D        | Reached skill level 15 in Short Blades
    37 | D        | Reached skill level 15 in Long Blades
    37 | D        | Reached skill level 15 in Staves
    37 | D        | Reached skill level 15 in Stealth
    37 | D        | Reached skill level 15 in Shields
    37 | D        | Reached skill level 15 in Unarmed Combat
    37 | D        | Reached skill level 15 in Invocations
    37 | D        | Reached skill level 15 in Evocations
    37 | D        | Killed a destroyer
    37 | D        | Noticed a large bag of meat
    38 | D        | Noticed a destroyer
    38 | D        | Killed a large bag of meat
    38 | D        | Killed a destroyer
    39 | D        | Reached skill level 15 in Maces & Flails
    39 | D        | Reached skill level 15 in Polearms
    39 | D        | Reached skill level 15 in Slings
    39 | D        | Reached skill level 15 in Bows
    39 | D        | Reached skill level 15 in Crossbows
    39 | D        | Reached XP level 25. HP: 214/214 MP: 0/0
    39 | D        | Learned a level 8 spell: Summon Horrible Things
    39 | D        | Noticed a destroyer
    39 | D        | Noticed The Servant
    40 | D        | Killed The Servant
    40 | D        | Killed a destroyer
    40 | D        | Noticed a destroyer
    41 | D        | Killed a destroyer
    41 | D        | Noticed a destroyer
    42 | D        | Reached XP level 26. HP: 221/221 MP: 0/0
    42 | D        | Noticed a destroyer
    42 | D        | Killed a destroyer
    42 | D        | Killed a destroyer
    43 | D        | Noticed a tyrant
    44 | D        | Killed a tyrant
    44 | D        | Noticed a destroyer
    45 | D        | Reached XP level 27. HP: 228/228 MP: 0/0
    45 | D        | Learned a level 9 spell: Fire Storm
    45 | D        | Killed a destroyer
    47 | D        | Noticed a tyrant
    47 | D        | Killed a tyrant
    47 | D        | Noticed a tyrant
    48 | D        | Killed a tyrant
    48 | D        | Noticed an accursed
    49 | D        | Noticed an accursed
    49 | D        | Killed an accursed
    49 | D        | Killed an accursed
    49 | D        | Noticed an accursed
    50 | D        | Killed an accursed
    55 | D        | Noticed an accursed
    56 | D        | Killed an accursed
    57 | D        | Reached skill level 27 in Stealth
    61 | D        | Noticed a dread
    61 | D        | Killed a dread
    62 | D        | Noticed a meat beast
    62 | D        | Killed a meat beast
    63 | D        | Reached skill level 27 in Short Blades
    63 | D        | Reached skill level 27 in Long Blades
    63 | D        | Reached skill level 27 in Staves
    63 | D        | Reached skill level 27 in Shields
    63 | D        | Reached skill level 27 in Unarmed Combat
    63 | D        | Reached skill level 27 in Invocations
    63 | D        | Reached skill level 27 in Evocations
    65 | D        | Reached skill level 27 in Maces & Flails
    65 | D        | Reached skill level 27 in Polearms
    66 | D        | Reached skill level 27 in Slings
    66 | D        | Reached skill level 27 in Bows
    66 | D        | Reached skill level 27 in Crossbows
    67 | D        | Noticed a meat beast
    67 | D        | Killed a meat beast
    80 | D        | Noticed a meat beast
    81 | D        | Killed a meat beast
    81 | D        | Noticed a meat beast
    81 | D        | Noticed a dread
    81 | D        | Noticed an accursed
    82 | D        | Killed a dread
    82 | D        | Killed a meat beast
    82 | D        | Killed an accursed
    83 | D        | Noticed a tyrant
    84 | D        | Killed a tyrant
    91 | D        | Noticed a tyrant
    91 | D        | Killed a tyrant
    95 | D        | Noticed a tyrant
    95 | D        | Killed a tyrant
    99 | D        | Noticed a tyrant
    99 | D        | Killed a tyrant
   100 | D        | Noticed a dread
   100 | D        | Killed a dread
   100 | D        | Noticed a meat beast
   101 | D        | Noticed a destroyer
   107 | D        | Killed a destroyer
   108 | D        | Noticed a destroyer
   109 | D        | Noticed a dread
   109 | D        | Killed a destroyer
   110 | D        | Killed a dread
   118 | D        | Noticed a tyrant
   118 | D        | Noticed a dread
   119 | D        | Killed a tyrant
   119 | D        | Killed a dread
   119 | D        | Noticed a fleshlord
   119 | D        | Noticed a fleshlord
   120 | D        | Killed a fleshlord
   120 | D        | Killed a fleshlord
   120 | D        | Noticed a dread
   121 | D        | Noticed a fleshlord
   121 | D        | Noticed a fleshlord
   121 | D        | Killed a fleshlord
   121 | D        | Killed a fleshlord
   121 | D        | Killed a dread
   121 | D        | Noticed a fleshlord
   121 | D        | Noticed a fleshlord
   122 | D        | Killed a fleshlord
   122 | D        | Killed a fleshlord
   122 | D        | Noticed a destroyer
   122 | D        | Noticed a tyrant
   123 | D        | Killed a destroyer
   123 | D        | Killed a tyrant
   123 | D        | Noticed a fleshlord
   124 | D        | Killed a fleshlord
   124 | D        | Noticed an accursed
   125 | D        | Killed an accursed
   125 | D        | Noticed a fleshlord
   125 | D        | Noticed a fleshlord
   125 | D        | Noticed a large bag of meat
   126 | D        | Noticed a fleshlord
   126 | D        | Killed a large bag of meat
   126 | D        | Killed a fleshlord
   126 | D        | Killed a fleshlord
   126 | D        | Noticed a destroyer
   126 | D        | Noticed a tyrant
   126 | D        | Noticed a meat beast
   126 | D        | Noticed a fleshlord
   127 | D        | Killed a fleshlord
   127 | D        | Killed a tyrant
   127 | D        | Killed a fleshlord
   127 | D        | Noticed a fleshlord
   128 | D        | Killed a fleshlord
   128 | D        | Killed a meat beast
   128 | D        | Noticed a destroyer
   128 | D        | Noticed a fleshlord
   128 | D        | Noticed a fleshlord
   129 | D        | Noticed a fleshlord
   130 | D        | Noticed a dread
   130 | D        | Killed a fleshlord
   130 | D        | Noticed a fleshlord
   131 | D        | Killed a destroyer
   131 | D        | Killed a destroyer
   131 | D        | Noticed a fleshlord
   131 | D        | Noticed a fleshlord
   132 | D        | Noticed a meat beast
   132 | D        | Killed a fleshlord
   132 | D        | Noticed a large bag of meat
   133 | D        | Noticed a large bag of meat
   134 | D        | Killed a fleshlord
   135 | D        | Noticed a fleshlord
   135 | D        | Killed a fleshlord
   135 | D        | Annihilated by a fleshlord

Illustrated notes

Levels and vault maps discovered:
D:        meatsprint

Skill      XL: |  1  2  3  4  5  6  7  8  9 10 11 12 13 14 15 16 17 18 19 20 21 22 23 24 25 26 27 |
---------------+----------------------------------------------------------------------------------+-----
Axes           | 21 27 | 27.0
Fighting       | 3 5 10 14 17 21 27 | 27.0
Throwing       | 1 2 3 5 6 7 11 16 25 27 | 27.0
Dodging        | 4 6 9 13 15 18 24 27 | 27.0
Spellcasting   | 6 10 15 22 25 27 | 27.0
Armour         | 2 3 6 7 8 12 19 27 | 27.0
Short Blades   | 8 11 14 17 19 21 27 | 27.0
Long Blades    | 8 11 14 17 19 21 27 | 27.0
Maces & Flails | 7 11 13 15 17 19 27 | 27.0
Polearms       | 7 11 13 15 17 19 27 | 27.0
Staves         | 8 11 14 17 19 21 27 | 27.0
Slings         | 7 11 13 15 17 19 27 | 27.0
Bows           | 7 11 13 15 17 19 27 | 27.0
Crossbows      | 7 11 13 15 17 19 27 | 27.0
Stealth        | 8 11 14 17 19 21 27 | 27.0
Shields        | 8 12 14 17 19 21 27 | 27.0
Unarmed Combat | 8 12 14 17 19 21 27 | 27.0
Invocations    | 8 12 14 17 19 21 27 | 27.0
Evocations     | 8 12 14 17 19 21 27 | 27.0

Action                   |  1- 3 |  4- 6 |  7- 9 | 10-12 | 13-15 | 16-18 | 19-21 | 22-24 | 25-27 || total
-------------------------+-------+-------+-------+-------+-------+-------+-------+-------+-------++-------
Melee: Executioner's axe |     1 |       |       |     1 |     6 |    13 |    16 |    15 |   140 ||   192
 Cast: Manifold Assault  |       |       |       |       |     1 |     4 |    10 |    10 |    63 ||    88
Dodge: Dodged            |       |       |       |       |       |       |       |       |     3 ||     3

Table legend: (Time is in decaauts)
 A = Elapsed time spent in this place.
 B = Non-inter-level travel time spent in this place.
 C = Inter-level travel time spent in this place.
 D = Time resting spent in this place.
 E = Time spent auto-exploring this place.
 F = Levels seen in this place.
 G = Mean time per level.
                   A        B        C        D        E       F      G
               +--------+--------+--------+--------+--------+-----+--------+
         Total |    117 |    117 |      0 |      0 |      0 |   1 |  117.0 |
       Dungeon |    117 |    117 |      0 |      0 |      0 |   1 |  117.0 |
               +--------+--------+--------+--------+--------+-----+--------+

Top non-repeatable levels by time:
       D: 117 daAuts
